 Dungeon Crawl Stone Soup version 0.23-a0-183-gf37f6fb (webtiles) character file.

12683 mhoghedin the Quickloader (level 12, -1/77 HPs)
             Began as a Kobold Hunter on Sept 22, 2018.
             Was an Elder of Elyvilon.
             Slain by a wolf (8 damage)
             ... on level 1 of the Lair of Beasts.
             The game lasted 00:25:52 (14669 turns).

mhoghedin the Quickloader (Kobold Hunter)          Turns: 14669, Time: 00:25:53

Health: -1/77      AC: 10    Str: 15    XL:     12   Next: 23%
Magic:  17/17      EV: 26    Int: 12    God:    Elyvilon [****..]
Gold:   464        SH:  0    Dex: 15    Spells: 11/11 levels left

rFire    + . .     SeeInvis .   a - +0 arbalest
rCold    . . .     Gourm    .   (shield currently unavailable)
rNeg     . . .     Faith    .   y - +0 steam dragon scales
rPois    .         Spirit   .   r - +0 helmet
rElec    .         Reflect  .   (no cloak)
rCorr    .         Harm     .   u - +2 pair of gloves
MR       .....                  h - +0 pair of boots
Stlth    +++.......             (no amulet)
HPRegen  0.22/turn              q - ring of protection from fire {rF+, !d}
MPRegen  0.15/turn              j - +4 ring of evasion

@: no status effects
A: small, carnivore
a: Lesser Healing, Heal Other, Purification, Greater Healing, Divine Protection,
Renounce Religion


You were on level 1 of the Lair of Beasts.
You worshipped Elyvilon.
Elyvilon was greatly pleased with you.
You were not hungry.

You visited 2 branches of the dungeon, and saw 11 of its levels.

You collected 464 gold pieces.

Inventory:

Hand Weapons
 a - a +0 arbalest (weapon)
   (You took it off an orc on level 9 of the Dungeon)
 b - a +1 dagger of venom
   (You took it off an orc on level 3 of the Dungeon)
Missiles
 d - 6 bolts (quivered)
 s - 8 curare-tipped needles
Armour
 h - a +0 pair of boots (worn)
   (You found it on level 1 of the Dungeon)
 r - a +0 helmet (worn)
   (You found it on level 7 of the Dungeon)
 u - a +2 pair of gloves (worn)
   (You found it on level 3 of the Dungeon)
 y - +0 steam dragon scales (worn)
   (You found it on level 9 of the Dungeon)
Magical Staves
 A - an uncursed staff of wizardry {wiz+, !a}
   (You found it on level 9 of the Dungeon)
Jewellery
 e - an uncursed amulet of the gourmand {Gourm, !d}
   (You took it off an orc on level 9 of the Dungeon)
 g - a +3 ring of intelligence
   (You took it off an orc on level 9 of the Dungeon)
 j - a +4 ring of evasion (right hand)
   (You found it on level 6 of the Dungeon)
 o - an uncursed ring of positive energy {rN+}
   (You found it on level 6 of the Dungeon)
 q - a ring of protection from fire (left hand) {rF+, !d}
   (You found it on level 2 of the Dungeon)
Wands
 x - a wand of polymorph (52)
   (You found it on level 9 of the Dungeon)
 D - a wand of scattershot (8)
   (You found it on level 10 of the Dungeon)
Scrolls
 c - a scroll of magic mapping {!r}
 k - 2 scrolls of blinking {!r}
 l - 6 scrolls of remove curse
 p - 2 scrolls of identify
 t - 2 scrolls of enchant weapon
 v - a scroll of fog
 w - a scroll of amnesia
 B - 2 scrolls of teleportation
 C - a scroll of enchant armour
Potions
 i - a potion of brilliance
 m - 3 potions of degeneration {!q}
 n - a potion of cancellation
 z - a potion of curing
Comestibles
 f - 18 rations


   Skills:
 + Level 10.1 Fighting
 + Level 9.9 Short Blades
 + Level 11.2 Crossbows
 - Level 10.7 Dodging
 + Level 4.7 Stealth
 - Level 7.6 Invocations
 - Level 3.0 Evocations


You had 11 spell levels left.
You didn't know any spells.
Your spell library contained the following spells:

 Spells                   Type           Power        Failure   Level  Hunger
 Animate Skeleton         Necr           N/A          32%         1    ##.....
 Pain                     Necr           #...         32%         1    ##.....
 Recall                   Summ/Tloc      N/A          69%         3    ####...
 Regeneration             Chrm/Necr      #.........   69%         3    ####...
 Vampiric Draining        Necr           #.........   69%         3    ####...
 Animate Dead             Necr           N/A          97%         4    #####..
 Aura of Abjuration       Summ           #.........   100%        5    ######.
 Bolt of Magma            Conj/Fire/Erth #.........   100%        5    ######.
 Iskenderun's Battlesphe  Conj/Chrm      #.......     100%        5    ######.
 Summon Demon             Summ           #.........   100%        5    ######.
 Summon Forest            Summ/Tloc      #.........   100%        5    ######.
 Summon Mana Viper        Hex/Summ       #.......     100%        5    ######.
 Venom Bolt               Conj/Pois      #.........   100%        5    ######.
 Iron Shot                Conj/Erth      #.........   100%        6    #######
 Shadow Creatures         Summ           N/A          100%        6    #######
 Orb of Destruction       Conj           #.........   100%        7    #######
 Spellforged Servitor     Conj/Summ      #.........   100%        7    #######


Dungeon Overview and Level Annotations

Branches:
Dungeon (10/15)            Temple (0/1) D:7            Lair (1/6) D:10
    Orc: D:9-12

Altars:
Ashenzari
Dithmenos
Elyvilon
Gozag
Kikubaaqudgha
Nemelex Xobeh
Okawaru
Qazlal
Trog
Uskayaw
Vehumet
Wu Jian
Xom
The Shining One


Innate Abilities, Weirdness & Mutations

You are small and have problems with some larger weapons.
You are carnivorous and can eat meat at any time.


Message History

The wolf misses you. The wolf bites you but does no damage.
The wolf barely misses you.
You feel sick. The wolf misses you.
You take 1 damage, and have 31/77 hp.
The wolf misses you.
Firing (i - inventory)
d - 14 bolts (quivered)
Okay, then.
Unknown command.
The wolf completely misses you.
You feel sick.
The wolf howls!
The wolf completely misses you. x2
The wolf completely misses you.
You feel sick. The wolf bites you.
You take 5 damage, and have 26/77 hp.
You are too injured to fight recklessly!
You are too injured to fight recklessly!
Firing (i - inventory)
d - 14 bolts (quivered)
Aim: a wolf You shoot a bolt.
The bolt closely misses the wolf. x2
The bolt hits the wolf.
The wolf misses you. The wolf closely misses you.
Firing (i - inventory)
d - 13 bolts (quivered)
Aim: a wolf You shoot a bolt.
The bolt misses the wolf.
The bolt hits the wolf!
You feel sick. The wolf misses you. The wolf bites you but does no damage.
The wolf misses you. x2
You take 1 damage, and have 26/77 hp.
Firing (i - inventory)
d - 12 bolts (quivered)
Aim: a wolf You shoot a bolt.
The bolt hits the wolf.
The wolf bites you.
* * * LOW HITPOINT WARNING * * *
The wolf closely misses you. The wolf misses you. The wolf bites you.
* * * LOW HITPOINT WARNING * * *
The wolf bites you.
* * * LOW HITPOINT WARNING * * *
The wolf misses you.
You take 12 damage, and have 14/77 hp.
Firing (i - inventory)
d - 11 bolts (quivered)
Aim: a wolf (moderately wounded)
You shoot a bolt. The bolt misses the wolf.
The bolt hits the wolf.
The wolf closely misses you. The wolf misses you. The wolf barely misses you.
The wolf bites you.
* * * LOW HITPOINT WARNING * * *
The wolf misses you. The wolf completely misses you.
You take 2 damage, and have 12/77 hp.
Firing (i - inventory)
d - 10 bolts (quivered)
Aim: a wolf (moderately wounded)
You shoot a bolt. The bolt barely misses the wolf.
The bolt hits the wolf!
You kill the wolf!
You feel sick.
You are no longer poisoned.
The wolf completely misses you. x2; The wolf misses you. x2
The wolf completely misses you. The wolf misses you.
The wolf completely misses you.
You take 1 damage, and have 11/77 hp.
Firing (i - inventory)
d - 9 bolts (quivered)
Aim: a wolf (moderately wounded)
You shoot a bolt. The bolt hits the wolf!!
You kill the wolf!
The wolf barely misses you. The wolf completely misses you. x3
The wolf barely misses you. The wolf completely misses you.
You see here 2 bolts.
You see here 3 bolts.
The wolf misses you.
You see here a bolt.
The wolf bites you.
* * * LOW HITPOINT WARNING * * *
You take 1 damage, and have 11/77 hp.
The wolf completely misses you. The wolf bites you but does no damage.
The wolf completely misses you. The wolf barely misses you.
The wolf completely misses you. x2
The wolf completely misses you. The wolf closely misses you.
The wolf completely misses you. x2
The wolf misses you. The wolf bites you.
* * * LOW HITPOINT WARNING * * *
You take 4 damage, and have 9/77 hp.
The wolf misses you. The wolf completely misses you.
The wolf closely misses you. The wolf bites you but does no damage.
Firing (i - inventory)
d - 8 bolts (quivered)
Aim: a wolf You shoot a bolt.
The bolt closely misses the wolf.
The wolf completely misses you. x3; The wolf misses you.
The wolf completely misses you. The wolf bites you but does no damage.
The wolf misses you. The wolf closely misses you. The wolf bites you.
* * * LOW HITPOINT WARNING * * *
You take 4 damage, and have 6/77 hp.
The wolf barely misses you. The wolf completely misses you.
The wolf misses you. The wolf completely misses you.
The wolf completely misses you.
Firing (i - inventory)
d - 7 bolts (quivered)
Aim: a wolf You shoot a bolt.
The bolt misses the wolf.
The wolf completely misses you. The wolf barely misses you. The wolf bites you!
You die...

..≈≈≈≈≈.≈≈...#..(.(.(####........
#..≈≈≈.>.≈..#.....(..#.###.......
#...≈........+.......'...........
..#......... #.......###.#.......
...........###.......##.......<..
................(.....####.......
#.#...#######...(....##.##.......
#.....(....(.(.h.†...............
....(..........h@............####
.###.#.###.####h#######.#..### #
## ##### ### ### ######


You could see 3 wolves.

Vanquished Creatures
  2 two-headed ogres
  Pikel (D:4)
  A cyclops (D:9)
  A gargoyle (D:10)
  2 komodo dragons
  2 spiny frogs (Lair:1)
  A troll (D:9)
  4 hippogriffs
  A hornet (D:9)
  A spriggan (D:8)
  A wyvern (D:10)
  2 basilisks
  A golden eye (D:9)
  A steam dragon (D:9)
  2 water moccasins (Lair:1)
  8 orc warriors
  An eye of draining (D:10)
  4 sky beasts
  A black bear (D:6)
  2 necrophages (D:10)
  2 wolves (Lair:1)
  12 centaurs
  7 ogres
  A crocodile (Lair:1)
  A big kobold (D:10)
  Blork the orc (D:4)
  3 bullfrogs
  A wyvern zombie (D:8)
  6 scorpions
  A wyvern skeleton (D:9)
  8 killer bees
  6 wights (D:10)
  2 crimson imps
  6 bullfrog zombies
  2 quasits
  2 gnoll shamans
  5 hounds
  2 centaur skeletons
  2 jellies
  9 orc priests
  A bullfrog skeleton (D:8)
  13 orc wizards
  An iguana (D:5)
  3 worker ants
  2 hound skeletons
  A mummy (D:10)
  2 howler monkey zombies
  7 gnolls
  A howler monkey skeleton (D:5)
  11 adders
  2 shadow imps
  An ooze (D:1)
  An adder skeleton (D:8)
  2 worms
  A dart slug (D:2)
  7 leopard geckos
  55 orcs
  6 bats
  6 giant cockroaches
  9 goblins
  9 hobgoblins
  28 jackals
  6 quokkas
  3 ball pythons
  6 frilled lizards
  14 kobolds
  A leopard gecko skeleton (D:5)
  8 rats
325 creatures vanquished.

Vanquished Creatures (others)
  A worm (D:4)
  2 orcs (D:4)
  2 fungi (Lair:1)
  8 plants
13 creatures vanquished.

Grand Total: 338 creatures vanquished

Notes
Turn   | Place    | Note
-------+----------+-------------------------------------------
     0 | D:1      | mhoghedin the Kobold Hunter began the quest for the Orb.
     0 | D:1      | Reached XP level 1. HP: 12/12 MP: 1/1
   147 | D:1      | Reached XP level 2. HP: 18/18 MP: 2/2
   177 | D:1      | Reached skill level 5 in Crossbows
   493 | D:1      | Reached skill level 3 in Dodging
   497 | D:1      | Reached XP level 3. HP: 15/22 MP: 3/3
   681 | D:1      | HP: 5/22 [ooze (2)]
  1319 | D:2      | Found a hide-covered altar of Uskayaw.
  1398 | D:2      | Reached skill level 3 in Fighting
  1450 | D:2      | Reached skill level 1 in Short Blades
  1517 | D:2      | Reached XP level 4. HP: 28/28 MP: 4/4
  1714 | D:2      | Found a bloodstained altar of Trog.
  1814 | D:2      | Found an ancient bone altar of Kikubaaqudgha.
  2240 | D:3      | Noticed an ogre
  2268 | D:3      | HP: 3/28 [ogre/giant spiked club (20)]
  2269 | D:3      | Killed an ogre
  2269 | D:3      | Reached skill level 2 in Short Blades
  2269 | D:3      | Reached skill level 4 in Dodging
  2269 | D:3      | Reached XP level 5. HP: 4/32 MP: 5/5
  2899 | D:3      | Reached XP level 6. HP: 29/38 MP: 6/6
  3468 | D:4      | Noticed Blork the orc
  3493 | D:4      | Reached skill level 6 in Crossbows
  3496 | D:4      | Killed Blork the orc
  3496 | D:4      | Reached skill level 4 in Fighting
  3496 | D:4      | Reached skill level 3 in Short Blades
  3500 | D:4      | HP: 9/38 [gnoll/whip (4)]
  3869 | D:4      | Reached XP level 7. HP: 44/44 MP: 7/7
  4151 | D:4      | Noticed Pikel
  4191 | D:4      | Killed Pikel
  4191 | D:4      | Reached skill level 5 in Fighting
  4191 | D:4      | Reached skill level 4 in Short Blades
  4191 | D:4      | Reached skill level 7 in Crossbows
  4191 | D:4      | Reached skill level 5 in Dodging
  4191 | D:4      | Reached skill level 3 in Stealth
  4191 | D:4      | Reached skill level 2 in Evocations
  4191 | D:4      | Reached XP level 8. HP: 31/49 MP: 7/9
  4457 | D:4      | Found a white marble altar of Elyvilon.
  4653 | D:5      | Entered Level 5 of the Dungeon
  4687 | D:5      | Reached skill level 5 in Short Blades
  5061 | D:5      | HP: 10/50 [ogre/giant club (7)]
  5345 | D:5      | Reached skill level 4 in Stealth
  5345 | D:5      | Reached skill level 3 in Evocations
  5356 | D:5      | Reached skill level 6 in Dodging
  5442 | D:5      | Reached XP level 9. HP: 24/55 MP: 11/11
  5617 | D:5      | HP: 13/55 [ogre/giant club (25)]
  5620 | D:5      | Reached skill level 6 in Fighting
  5906 | D:5      | Reached skill level 6 in Short Blades
  6022 | D:4      | Became a worshipper of Elyvilon the Healer
  6132 | D:5      | Reached skill level 8 in Crossbows
  6132 | D:5      | Reached skill level 1 in Invocations
  6377 | D:5      | Found a shattered altar of Ashenzari.
  6400 | D:5      | Found a shimmering altar of Xom.
  6402 | D:5      | Found a bloodstained altar of Trog.
  6402 | D:5      | Found an iron altar of Okawaru.
  6408 | D:5      | Found a shimmering altar of Xom.
  6408 | D:5      | Found an opulent altar of Gozag.
  6408 | D:5      | Found a hide-covered altar of Uskayaw.
  6601 | D:6      | Reached * piety under Elyvilon
  6603 | D:6      | Reached skill level 7 in Dodging
  6917 | D:6      | Reached skill level 2 in Invocations
  6923 | D:6      | Reached ** piety under Elyvilon
  7383 | D:6      | Reached skill level 7 in Short Blades
  7719 | D:7      | Reached skill level 7 in Fighting
  7781 | D:7      | Reached skill level 3 in Invocations
  8009 | D:7      | Reached XP level 10. HP: 63/63 MP: 12/12
  8032 | D:7      | Found a staircase to the Ecumenical Temple.
  8176 | D:7      | HP: 12/63 [orc priest/divine providence (14)]
  8291 | D:7      | Reached skill level 9 in Crossbows
  8291 | D:7      | Reached skill level 8 in Dodging
  8704 | D:8      | Reached skill level 8 in Short Blades
  8704 | D:8      | Reached skill level 4 in Invocations
  8962 | D:8      | Noticed a two-headed ogre
  9017 | D:8      | Killed a two-headed ogre
  9226 | D:8      | Reached skill level 8 in Fighting
  9680 | D:8      | Reached skill level 5 in Invocations
  9834 | D:9      | Reached *** piety under Elyvilon
  9956 | D:9      | Found a sparkling altar of Nemelex Xobeh.
 10062 | D:9      | Reached skill level 9 in Short Blades
 10118 | D:9      | Reached skill level 9 in Dodging
 10118 | D:9      | Reached XP level 11. HP: 66/69 MP: 14/14
 10435 | D:9      | Reached skill level 10 in Crossbows
 10809 | D:9      | Paralysed by a hornet for 3 turns
 10998 | D:9      | Reached skill level 6 in Invocations
 11116 | D:9      | Found a radiant altar of Vehumet.
 11127 | D:9      | Noticed a cyclops
 11373 | D:9      | Found a stormy altar of Qazlal.
 11486 | D:9      | Found a shimmering altar of Xom.
 11542 | D:9      | HP: 17/69 [something (3)]
 11838 | D:9      | Killed a cyclops
 11838 | D:9      | Reached skill level 9 in Fighting
 12097 | D:9      | Found an ornate altar of the Wu Jian Council.
 12099 | D:9      | Found a shadowy altar of Dithmenos.
 12104 | D:9      | Found an iron altar of Okawaru.
 12125 | D:10     | Entered Level 10 of the Dungeon
 12743 | D:10     | Found a staircase to the Lair.
 12778 | D:10     | Reached skill level 10 in Dodging
 12951 | D:10     | Noticed a two-headed ogre
 12984 | D:10     | Killed a two-headed ogre
 13339 | D:10     | Reached skill level 7 in Invocations
 13555 | D:10     | Reached XP level 12. HP: 66/77 MP: 17/17
 14033 | D:10     | Found a glowing golden altar of the Shining One.
 14112 | Lair:1   | Entered Level 1 of the Lair of Beasts
 14112 | Lair:1   | Reached **** piety under Elyvilon
 14210 | Lair:1   | Reached skill level 11 in Crossbows
 14383 | Lair:1   | Reached skill level 10 in Fighting
 14460 | Lair:1   | HP: 19/77 [poisoned by a spiny frog]
 14465 | Lair:1   | HP: 19/77 [crocodile (6)]
 14643 | Lair:1   | HP: 18/77 [wolf (4)]
 14650 | Lair:1   | HP: 11/77 [wolf (1)]
 14659 | Lair:1   | HP: 9/77 [wolf (4)]
 14665 | Lair:1   | HP: 6/77 [wolf (5)]
 14669 | Lair:1   | Slain by a wolf

Vault maps used:
D:1:      enne_arrival_octagon_isle
D:2:      lemuel_round_altar, lemuel_crystal_altar, marbit_many_paths,
          st_stairs_13
D:3:      first_ration
D:4:      lemuel_doored_altar, uniq_blork_the_orc, uniq_pikel
D:5:      lemuel_round_altar, serial_bayou, serial_bayou_pond_b,
          serial_bayou_shore_b, serial_bayou_pond_e, serial_bayou_pond_b,
          doesnt_xom_only_xom
D:7:      minmay_temple_entry_glassed_door
D:8:      the_bakery
D:9:      overflow_temple_1_default, lemuel_round_altar, minitemple,
          kennysheep_little_box, minivault_24, minivault_28
D:10:     david_lair_shrubbed, serial_undead, serial_undead_c, serial_undead_a,
          serial_undead_c, serial_undead_d, hangedman_abyss_or_decor_stagger,
          tso_altar
Lair:1:   small_statue_intersection, grunt_megastairs_5, serial_bayou_shore_b,
          infiniplex_staircase_pool

Skill      XL: |  1  2  3  4  5  6  7  8  9 10 11 12 |
---------------+-------------------------------------+-----
Crossbows      | 5 6 7 8 9 10 11 | 11.2
Dodging        | 3 4 5 6 7 9 10 | 10.7
Fighting       | 3 4 5 7 8 9 10 | 10.1
Short Blades   | 1 2 3 4 5 7 9 |  9.9
Stealth        | 3 4 |  4.7
Evocations     | 2 3 |  3.0
Invocations    | 3 5 7 |  7.6

Action                   |  1- 3 |  4- 6 |  7- 9 | 10-12 || total
-------------------------+-------+-------+-------+-------++-------
Melee: Short sword       |    73 |   103 |       |       ||   176
       Dagger            |       |       |   367 |   602 ||   969
       Hand crossbow     |       |       |       |     3 ||     3
 Fire: Hand crossbow     |    44 |    87 |    50 |   103 ||   284
       Arbalest          |       |       |       |   190 ||   190
Invok: Heal Other        |       |       |     3 |     8 ||    11
Evoke: Wand              |       |       |       |     2 ||     2
  Use: Scroll            |       |     8 |     8 |     6 ||    22
       Potion            |       |       |     1 |     4 ||     5
 Stab: Sleeping          |     2 |     3 |     9 |     3 ||    17
       Distracted        |       |       |     1 |     3 ||     4
  Eat: Chunk             |     5 |     9 |     9 |    16 ||    39
       Ration            |       |       |     2 |     4 ||     6
Armor: Leather armour    |    33 |    35 |    52 |    14 ||   134
       Ring mail         |       |       |       |    16 ||    16
       Skin              |       |       |       |     6 ||     6
       Steam dragon scal |       |       |       |    73 ||    73
Dodge: Dodged            |    93 |   145 |   295 |   796 ||  1329

Table legend:
 A = Non-vault XP
 B = Vault XP
 C = Vault XP percentage of total XP
 D = Non-vault monster count
 E = Vault monster count
 F = Vault count percentage of total count
                 A         B        C        D         E       F
            +---------+---------+-------+---------+---------+-------
      Total |   12818 |    4857 |  27.5 |     289 |      36 |  11.1
            +---------+---------+-------+---------+---------+-------
        D:1 |      53 |       0 |   0.0 |      30 |       0 |   0.0
        D:2 |      38 |       6 |  13.6 |      15 |       3 |  16.7
        D:3 |     188 |       0 |   0.0 |      30 |       0 |   0.0
        D:4 |     261 |     769 |  74.7 |      20 |       2 |   9.1
        D:5 |     852 |     402 |  32.1 |      30 |       6 |  16.7
        D:6 |    1048 |       0 |   0.0 |      15 |       0 |   0.0
        D:7 |    1177 |       0 |   0.0 |      35 |       0 |   0.0
        D:8 |    2190 |     234 |   9.7 |      32 |       1 |   3.0
        D:9 |    1470 |    1817 |  55.3 |      23 |       8 |  25.8
       D:10 |    3994 |    1190 |  23.0 |      53 |      13 |  19.7
     Lair:1 |    1547 |     439 |  22.1 |       6 |       3 |  33.3
            +---------+---------+-------+---------+---------+-------

Vault maps used:
D:1:      enne_arrival_octagon_isle
D:2:      lemuel_round_altar, lemuel_crystal_altar, marbit_many_paths,
          st_stairs_13
D:3:      first_ration
D:4:      lemuel_doored_altar, uniq_blork_the_orc, uniq_pikel
D:5:      lemuel_round_altar, serial_bayou, serial_bayou_pond_b,
          serial_bayou_shore_b, serial_bayou_pond_e, serial_bayou_pond_b,
          doesnt_xom_only_xom
D:7:      minmay_temple_entry_glassed_door
D:8:      the_bakery
D:9:      overflow_temple_1_default, lemuel_round_altar, minitemple,
          kennysheep_little_box, minivault_24, minivault_28
D:10:     david_lair_shrubbed, serial_undead, serial_undead_c, serial_undead_a,
          serial_undead_c, serial_undead_d, hangedman_abyss_or_decor_stagger,
          tso_altar
Lair:1:   small_statue_intersection, grunt_megastairs_5, serial_bayou_shore_b,
          infiniplex_staircase_pool

Table legend:
 A = Turns spent in this place as a percentage of turns spent in the entire game.
 B = Non-inter-level travel turns spent in this place as a percentage of non-inter-level travel turns spent in the entire game.
 C = Inter-level travel turns spent in this place as a percentage of turns spent in this place.
 D = Turns resting spent in this place as a percentage of non-inter-level travel turns spent in this place.
 E = Turns spent auto-exploring this place as a percentage of non-inter-level travel turns spent in this place.
 F = Non-inter-level travel turns spent in this place divided by the number of levels of this place that you've seen.
                   A       B       C       D       E      F
               +-------+-------+-------+-------+-------+----------------------
         Total | 100.0 | 100.0 |   3.8 |  34.1 |  40.5 | 1282.5
       Dungeon |  96.2 |  96.1 |   4.0 |  33.6 |  41.5 | 1355.1
          Lair |   3.8 |   3.9 |   0.0 |  47.9 |  15.3 | 557.0
               +-------+-------+-------+-------+-------+----------------------

Table legend:
 A = Kills in this place as a percentage of kills in entire the game.
 B = Kills by you in this place as a percentage of kills by you in the entire game.
 C = Kills by friends in this place as a percentage of kills by friends in the entire game.
 D = Other kills in this place as a percentage of other kills in the entire game.
 E = Experience gained in this place as a percentage of experience gained in the entire game.
 F = Experience gained in this place divided by the number of levels of this place that you have seen.
                   A       B       C       D       E      F
               +-------+-------+-------+-------+-------+----------------------
         Total | 100.0 | 100.0 |   N/A |   N/A | 100.0 | 1606.8
       Dungeon |  97.2 |  97.2 |   N/A |   N/A |  88.8 | 1568.9
          Lair |   2.8 |   2.8 |   N/A |   N/A |  11.2 | 1986.0
               +-------+-------+-------+-------+-------+----------------------
